 Dungeon Crawl Stone Soup version 0.16.1-7-g2c6721e (webtiles) character file.

44648 Joshi the Severer (level 13, -4/132 HPs)
             Began as a Minotaur Berserker on Mar 29, 2015.
             Was the Champion of Trog.
             Slain by an azure jelly (29 damage)
             ... on level 2 of the Pits of Slime.
             The game lasted 03:00:21 (19460 turns).

Joshi the Severer (Minotaur Berserker)             Turns: 19460, Time: 03:00:22

Health: -4/132     AC: 16    Str: 28    XL:     13   Next: 97%
Magic:  0/0        EV: 16    Int:  9    God:    Trog [******]
Gold:   482        SH:  0    Dex: 20    Spells: 0 memorised, 12 levels left

rFire  + . .     SeeInvis +     S - +7 longbow (flame)
rCold  . . .     Clarity  +     j - +7 fire dragon armour of Kikubaaqudgha's Regard {rF++ rC- rCorr Slay+5}
rNeg   . . .     SustAb   .     (no shield)
rPois  +         Gourm    .     (helmet restricted)
rElec  .         Spirit   .     (no cloak)
rCorr  +         Warding  .     u - +0 pair of gloves {Str+3}
rMut   .         Rnd*Tele +     M - +0 pair of boots {Stlth+}
MR     .....                    c - amulet of resist corrosion
Stlth  +.........               W - ring "Beapnod" {Ice rPois MP-9 Str-2 Int+7 Dex+4}
                                p - ring of Woeji {Dex+4 Slay+3 SInv}

@: exhausted, slowed, very slow, not resistant to hostile enchantments, very
unstealthy
A: retaliatory headbutt, horns 2, agile 1, clarity, deformed body, dopey 1,
teleportitis 1, no device heal 1, placid magic 1
a: Burn Spellbooks, Berserk, Trog's Hand, Brothers in Arms, Renounce Religion


You were on level 2 of the Pits of Slime.
You worshipped Trog.
Trog was exalted by your worship.
You were very hungry.

You visited 4 branches of the dungeon, and saw 19 of its levels.
You also visited: Sewer and Volcano.

You collected 971 gold pieces.
You spent 489 gold pieces at shops.

Inventory:

Hand weapons
 S - a +7 longbow of flaming (weapon)
 Z - a +2 executioner's axe of venom
Missiles
 b - 16 poisoned arrows
 e - 112 arrows (quivered)
 g - 18 arrows of frost
 J - 29 arrows of dispersal
Armour
 j - the +7 fire dragon armour of Kikubaaqudgha's Regard (worn) {rF++ rC- rCorr Slay+5}
   (You found it in a volcano)

   It affects your accuracy and damage with ranged weapons and melee attacks
   (+5).
   It greatly protects you from fire.
   It makes you vulnerable to cold.
   It protects you from acid and corrosion.
 n - a +2 robe of cold resistance
 u - a +0 pair of gloves of strength (worn)
 M - a +0 pair of boots of stealth (worn)
Jewellery
 c - an amulet of resist corrosion (around neck)
 p - the ring of Woeji (left hand) {Dex+4 Slay+3 SInv}
   (You found it on level 4 of the Lair of Beasts)

   [ring of see invisible]

   It affects your dexterity (+4).
   It affects your accuracy and damage with ranged weapons and melee attacks
   (+3).
   It enhances your eyesight.
 y - an uncursed ring of sustain abilities
 F - an uncursed ring of ice
 W - the ring "Beapnod" (right hand) {Ice rPois MP-9 Str-2 Int+7 Dex+4}
   (You found it on level 6 of the Dungeon)

   [ring of ice]

   It enhances your ice magic, and weakens your fire magic.
   It affects your strength (-2).
   It affects your intelligence (+7).
   It affects your dexterity (+4).
   It makes you vulnerable to fire.
   It protects you from cold.
   It protects you from poison.
   It affects your magic capacity (-9).
Magical devices
 h - a wand of slowing (21)
 i - a wand of disintegration (7)
 r - a wand of digging (2)
 s - a wand of enslavement (8)
 x - a wand of lightning (4)
 I - a wand of polymorph (16)
 K - a wand of lightning (4)
 O - a wand of disintegration (12)
 Q - a wand of magic darts (13)
 U - a wand of polymorph (16)
 V - a wand of frost (18)
Scrolls
 f - 6 scrolls of recharging
 m - 2 scrolls of summoning {unknown}
 o - 2 scrolls of fear
 w - 3 scrolls of magic mapping
 B - 6 scrolls of teleportation
 D - 2 scrolls of blinking {unknown}
 T - 4 scrolls of remove curse
 Y - 2 scrolls of fog
Potions
 d - 3 potions of restore abilities
 k - 6 potions of curing
 l - a potion of heal wounds
 q - 3 potions of brilliance
 z - a potion of resistance
 A - 2 potions of poison {unknown}
 C - 3 potions of flight
 E - 2 potions of cure mutation {unknown}
 G - a potion of decay {unknown}
 H - a potion of haste
 R - 6 potions of agility
 X - 4 potions of might
Miscellaneous
 a - a phantom mirror
 N - a phial of floods
 P - a phial of floods
Comestibles
 v - 4 meat rations
 L - 2 beef jerkies


   Skills:
 - Level 17.0 Fighting
 * Level 17.2 Axes
 - Level 9.6 Bows
 + Level 7.9 Armour
 + Level 7.1 Dodging


You had 12 spell levels left.
You didn't know any spells.

Dungeon Overview and Level Annotations

Branches:
Dungeon (9/15)             Temple (1/1) D:6            Lair (6/8) D:9
  Slime (3/6) Lair:6
  Swamp: Lair:3-6    Shoals: Lair:3-6     Snake: Lair:3-6    Spider: Lair:3-6
    Orc: D:9-12

Altars:
Ashenzari
Cheibriados
Dithmenos
Elyvilon
Fedhas
Gozag
Kikubaaqudgha
Makhleb
Nemelex Xobeh
Okawaru
Qazlal
Ru
Sif Muna
Trog
Vehumet
Xom
Yredelemnul
Zin
The Shining One
Jiyva

Shops:
D:4 [   D:9 !


Innate Abilities, Weirdness & Mutations

You reflexively headbutt those who attack you in melee.
You have a pair of horns on your head.
You are agile. (Dex +2)
You possess an exceptional clarity of mind.
Armour fits poorly on your strangely shaped body.
You are dopey. (Int -2)
Space occasionally distorts in your vicinity.
Potions and wands are less effective at restoring your health.
Your spells are a little easier to cast, but a little less powerful.


Message History

You feel a strong urge to attack something.
You are no longer berserk.
You are exhausted.
You feel yourself slow down.
You are feeling very hungry.
The azure jelly misses you. You furiously retaliate!
You headbutt the azure jelly! The azure jelly closely misses you.
The azure jelly hits you but does no damage.
The azure jelly hits you.
* * * LOW HITPOINT WARNING * * *
The azure jelly hits you but does no damage. x2
The azure jelly closely misses you. The azure jelly hits you.
* * * LOW HITPOINT WARNING * * *
Drink which item? (? for menu, Esc to quit)
You feel much better. The azure jelly closely misses you.
You furiously retaliate!
You headbutt the azure jelly! The azure jelly hits you.
* * * LOW HITPOINT WARNING * * *
The azure jelly freezes you!!
You die...

#....## .. ##....# #.#
#.## #....###..### ##...
##...(.#.....###...#
##.......#..<..#....##
#........#....#......#
###............(#..<..#
##.#.............(.....##
#........J@.........>...#
##.#.<.................##
##......#..........>...#
#.....##.............##
#......##...........##
#.......#........#.##
#...#..#......#.#### #
#....##.......#### ##
##..##..........##


You could see an azure jelly.

Vanquished Creatures
  4 acid blobs
  An azure jelly (Lair:6)
  A great orb of eyes (Slime:1)
  Fannar (Lair:3)
  3 hydras
  Erica (Lair:2)
  6 death yaks (Lair:5)
  4 lindwurms (Lair:3)
  Pikel (D:7)
  A hill giant (D:7)
  2 shining eyes
  3 centaur zombies
  A black mamba (Lair:4)
  An eye of devastation (Slime:2)
  3 toenail golems (Volcano)
  A torpor snail (Lair:5)
  5 spiny frogs
  2 polar bears
  4 komodo dragons
  A troll (D:9)
  19 slime creatures
  8 blink frogs (Lair:4)
  2 basilisks
  The ghost of dxcTest1 the Changer, an average OpTm (D:4)
  24 yaks
  6 hippogriffs
  6 humans (Volcano)
  A steam dragon (Lair:4)
  15 wolves
  12 water moccasins
  A sky beast (D:7)
  8 porcupines
  2 phantoms
  2 orc warriors (D:7)
  2 black bears
  4 ogres
  An eye of draining (Slime:1)
  5 ice beasts
  Sigmund (D:5)
  13 giant frogs
  10 crocodiles
  8 centaurs
  A big kobold (D:9)
  An electric eel (D:9)
  3 scorpions
  A wasp zombie (D:8)
  4 crimson imps
  5 orc priests
  2 giant frog zombies
  9 jellies
  5 giant frog skeletons
  A gnoll shaman (D:6)
  10 hounds
  2 orc wizards
  8 iguanas
  A hell rat (D:7)
  6 worker ants
  A merfolk avatar (Sewer)
  A siren (Sewer)
  A hound skeleton (D:9)
  A hound zombie (D:5)
  A worker ant zombie (D:5)
  24 adders
  7 gnolls
  6 giant mites
  30 river rats
  A shadow imp (D:5)
  2 worms
  An adder zombie (D:8)
  2 adder skeletons
  5 giant geckos
  2 oozes
  23 orcs
  7 ball pythons
  A bat skeleton (D:5)
  2 bat zombies (D:5)
  13 goblins
  15 hobgoblins
  12 jackals
  21 kobolds
  6 quokkas
  2 ball python zombies (D:5)
  16 bats
  10 giant cockroaches
  A giant gecko skeleton (D:5)
  A giant gecko zombie (D:5)
  7 giant newts
  A giant spore (D:9)
  A jackal skeleton (D:4)
  A quokka skeleton (D:6)
  58 rats
  6 butterflies
  3 fungi
  3 plants
551 creatures vanquished.

Vanquished Creatures (others)
  A quasit (D:7)
  A worker ant (D:7)
  8 drowned souls (Sewer)
  A shadow imp (D:7)
  A jackal (D:7)
  A fungus (D:6)
13 creatures vanquished.

Grand Total: 564 creatures vanquished

Notes
Turn   | Place    | Note
--------------------------------------------------------------
     0 | D:1      | Joshi, the Minotaur Berserker, began the quest for the Orb.
     0 | D:1      | Reached XP level 1. HP: 19/19 MP: 1/1
   354 | D:1      | Reached skill level 4 in Fighting
   358 | D:1      | Reached XP level 2. HP: 25/27 MP: 1/1
   491 | D:1      | Acquired Trog's second power
   822 | D:2      | Reached XP level 3. HP: 29/34 MP: 2/2
   844 | D:2      | Reached skill level 5 in Fighting
   945 | D:2      | Reached XP level 4. HP: 26/42 MP: 2/2
  1246 | D:2      | Reached skill level 5 in Axes
  1755 | D:2      | Found a glowing golden altar of the Shining One.
  1761 | D:2      | Found a bloodstained altar of Trog.
  1769 | D:2      | Reached XP level 5. HP: 50/50 MP: 2/2
  1880 | D:3      | Found a glowing drain.
  1900 | D:3      | Reached skill level 6 in Fighting
  1916 | Sewer    | Entered a sewer
  2088 | Sewer    | Acquired Trog's third power
  2278 | Sewer    | Reached XP level 6. HP: 55/58 MP: 3/3
  2343 | Sewer    | Noticed a drowned soul
  2345 | Sewer    | Noticed a drowned soul
  2346 | Sewer    | Noticed a drowned soul
  2346 | Sewer    | Noticed a drowned soul
  2346 | Sewer    | Killed a drowned soul
  2347 | Sewer    | Killed a drowned soul
  2347 | Sewer    | Killed a drowned soul
  2348 | Sewer    | Noticed a drowned soul
  2348 | Sewer    | Noticed a drowned soul
  2348 | Sewer    | Killed a drowned soul
  2351 | Sewer    | Noticed a drowned soul
  2352 | Sewer    | Noticed a drowned soul
  2352 | Sewer    | Killed a drowned soul
  2352 | Sewer    | Killed a drowned soul
  2353 | Sewer    | Killed a drowned soul
  2355 | Sewer    | Noticed a drowned soul
  2355 | Sewer    | Killed a drowned soul
  2622 | D:3      | Reached skill level 7 in Fighting
  3256 | D:4      | Found Sehiuvan's Antique Armour Shop.
  3284 | D:4      | Bought a pair of runed boots for 121 gold pieces
  3367 | D:4      | Noticed dxcTest1's ghost (average OpTm)
  3375 | D:4      | Killed dxcTest1's ghost
  3375 | D:4      | Reached skill level 8 in Fighting
  3375 | D:4      | Reached XP level 7. HP: 68/68 MP: 3/3
  3655 | D:4      | Reached skill level 9 in Fighting
  3721 | D:4      | Received a gift from Trog
  3910 | D:4      | Found a shimmering altar of Xom.
  3976 | D:5      | Entered Level 5 of the Dungeon
  3989 | D:5      | Gained mutation: You possess an exceptional clarity of mind. [potion of mutation]
  3989 | D:5      | Gained mutation: You passively map a small area around you. [potion of mutation]
  3989 | D:5      | Gained mutation: You have sharp fingernails. [potion of mutation]
  3990 | D:5      | Lost mutation: You have sharp fingernails. [potion of mutation]
  3990 | D:5      | Gained mutation: Armour fits poorly on your strangely shaped body. [potion of mutation]
  3990 | D:5      | Gained mutation: You are frail (-10% HP). [potion of mutation]
  4131 | D:5      | Reached XP level 8. HP: 70/70 MP: 3/3
  4674 | D:5      | Reached skill level 10 in Fighting
  4875 | D:5      | Noticed Sigmund
  4880 | D:5      | Killed Sigmund
  5662 | D:6      | Found a staircase to the Ecumenical Temple.
  5683 | D:6      | Reached skill level 11 in Fighting
  5727 | Temple   | Entered the Ecumenical Temple
  6087 | D:6      | Found a glowing silver altar of Zin.
  6747 | D:6      | Got a transparent pewter ring
  6749 | D:6      | Identified the ring "Beapnod" {Ice rPois MP-9 Str-2 Int+7 Dex+4} (You found it on level 6 of the Dungeon)
  6985 | D:6      | Upgraded the game from 0.16.1-5-gaa23807 to 0.16.1-7-g2c6721e
  7066 | D:7      | Found an ancient bone altar of Kikubaaqudgha.
  7071 | D:7      | Reached XP level 9. HP: 81/81 MP: 0/4
  7111 | D:7      | Received a gift from Trog
  7121 | D:7      | Found a deep blue altar of Sif Muna.
  7284 | D:7      | Reached skill level 12 in Fighting
  7341 | D:7      | Noticed Pikel
  7351 | D:7      | Killed Pikel
  7684 | D:7      | Reached skill level 13 in Fighting
  7684 | D:7      | Reached skill level 10 in Axes
  7895 | D:7      | Noticed a hill giant
  7901 | D:7      | Killed a hill giant
  8400 | D:8      | Found a burning altar of Makhleb.
  8405 | D:8      | Noticed a centaur zombie
  8409 | D:8      | Killed a centaur zombie
  8409 | D:8      | Reached XP level 10. HP: 91/91 MP: 0/4
  8411 | D:8      | Reached skill level 1 in Bows
  8482 | D:8      | Reached skill level 14 in Fighting
  8535 | D:8      | Identified the Papyrus of Virous Hexes
  8546 | D:8      | Found an iron altar of Okawaru.
  8655 | D:8      | Found a blossoming altar of Fedhas.
  9102 | D:9      | Found an opulent altar of Gozag.
  9460 | D:9      | Received a gift from Trog
  9476 | D:9      | Found a staircase to the Lair.
 10100 | D:9      | Found a radiant altar of Vehumet.
 10154 | D:9      | Found Raesausay's Distillery.
 10161 | D:9      | Bought a potion of might for 64 gold pieces
 10161 | D:9      | Bought a potion of heal wounds for 80 gold pieces
 10161 | D:9      | Bought 2 potions of heal wounds for 160 gold pieces
 10161 | D:9      | Bought a potion of agility for 64 gold pieces
 10396 | Lair:1   | Entered Level 1 of the Lair of Beasts
 10402 | Lair:1   | Reached skill level 15 in Fighting
 10406 | Lair:1   | Received a gift from Trog
 10744 | Lair:1   | Reached XP level 11. HP: 90/100 MP: 0/4
 11321 | Lair:1   | Reached skill level 5 in Bows
 12449 | Lair:2   | Noticed Erica
 12464 | Lair:2   | Killed Erica
 12509 | Lair:2   | Found a dark tunnel.
 12571 | Volcano  | Entered a volcano
 13237 | Volcano  | Reached skill level 16 in Fighting
 13269 | Volcano  | Got an amber-encrusted fire dragon armour
 13304 | Volcano  | Identified the +7 fire dragon armour of Kikubaaqudgha's Regard {rF++ rC- rCorr Slay+5} (You found it in a volcano)
 13621 | Lair:2   | Noticed a six-headed hydra
 13624 | Lair:2   | Killed a six-headed hydra
 13718 | Lair:2   | Received a gift from Trog
 13778 | Lair:2   | Identified a scroll of acquirement
 14058 | Lair:2   | Reached XP level 12. HP: 111/111 MP: 0/5
 14156 | Lair:2   | Gained mutation: Your spells are a little easier to cast, but a little less powerful. [potion of mutation]
 14156 | Lair:2   | Lost mutation: You are frail (-10% HP). [potion of mutation]
 14156 | Lair:2   | Lost mutation: Your spells are a little easier to cast, but a little less powerful. [potion of mutation]
 14403 | Lair:3   | Noticed Fannar
 14412 | Lair:3   | Killed Fannar
 14771 | Lair:3   | Noticed a six-headed hydra
 14775 | Lair:3   | Killed a six-headed hydra
 15530 | Lair:4   | Reached skill level 17 in Fighting
 15536 | Lair:4   | Got a vibrating bronze ring
 15543 | Lair:4   | Identified the ring of Woeji {Dex+4 Slay+3 SInv} (You found it on level 4 of the Lair of Beasts)
 15603 | Lair:4   | Received a gift from Trog
 15868 | Lair:4   | Gained mutation: You are agile. (Dex +2) [potion of beneficial mutation]
 16081 | Lair:4   | Reached skill level 15 in Axes
 17042 | Lair:5   | Reached XP level 13. HP: 132/132 MP: 0/5
 17052 | Lair:5   | Found a blossoming altar of Fedhas.
 17258 | Lair:5   | Noticed a seven-headed hydra
 17266 | Lair:5   | Killed a nine-headed hydra
 17272 | Lair:5   | Reached skill level 5 in Armour
 17424 | Lair:5   | Gained mutation: You are dopey. (Int -2) [potion of mutation]
 17424 | Lair:5   | Lost mutation: You passively map a small area around you. [potion of mutation]
 17812 | Lair:6   | Found a staircase to the Slime Pits.
 17813 | Lair:6   | Found a viscous altar of Jiyva.
 17827 | Slime:1  | Entered Level 1 of the Pits of Slime
 17827 | Slime:1  | Noticed an azure jelly
 17827 | Slime:1  | Noticed an acid blob
 17827 | Slime:1  | Noticed an acid blob
 17835 | Lair:6   | Killed an azure jelly
 17835 | Lair:6   | Reached skill level 5 in Dodging
 17940 | Slime:1  | Gained mutation: Your spells are a little easier to cast, but a little less powerful. [a shining eye]
 17943 | Slime:1  | Gained mutation: Potions and wands are less effective at restoring your health. [a shining eye]
 17945 | Slime:1  | Killed an acid blob
 17947 | Slime:1  | Gained mutation: Space occasionally distorts in your vicinity. [a shining eye]
 17949 | Slime:1  | Killed an acid blob
 17954 | Slime:1  | Noticed an acid blob
 18095 | Slime:1  | Killed an acid blob
 18390 | Slime:2  | Noticed an acid blob
 18617 | Slime:2  | Killed an acid blob
 19391 | Slime:2  | Received a gift from Trog
 19446 | Slime:1  | Noticed an azure jelly
 19460 | Slime:2  | Slain by an azure jelly

Action                   |  1- 3 |  4- 6 |  7- 9 | 10-12 | 13-15 || total
-------------------------+-------+-------+-------+-------+-------++-------
Melee: Hand axe          |    66 |   134 |       |       |       ||   200
       Morningstar       |       |    40 |   173 |       |       ||   213
       Great sword       |       |       |    89 |   143 |       ||   232
       Longbow           |       |       |       |     2 |     2 ||     4
       Executioner's axe |       |       |       |    73 |    46 ||   119
 Fire: Longbow           |       |       |       |   247 |    45 ||   292
Invok: Berserk           |     2 |     4 |    12 |    14 |     4 ||    36
       Burn Spellbooks   |       |       |     3 |     4 |       ||     7
       Trog's Hand       |       |       |     1 |     3 |       ||     4
  Use: Potion            |       |     1 |    11 |    12 |     2 ||    26
       Scroll            |       |       |     9 |    13 |       ||    22
 Stab: Sleeping          |       |       |     3 |     2 |       ||     5
  Eat: Bread ration      |     1 |     1 |     2 |     1 |     2 ||     7
       Chunk             |       |     6 |    15 |    18 |       ||    39
       Pizza             |       |     1 |     1 |     4 |     1 ||     7
       Fruit             |       |       |       |    12 |       ||    12
       Meat ration       |       |       |       |     1 |       ||     1
